 Dungeon Crawl Stone Soup version 0.24.0-35-gdb84b6a5db (webtiles) character file.

Game seed: 6833157703311558412, levelgen mode: deterministic

32 Katsumi the Changer (level 3, -1/15 HPs)
             Began as a Felid Transmuter on Nov 19, 2019.
             Slain by a hound (2 damage)
             ... on level 3 of the Dungeon.
             The game lasted 00:03:52 (3174 turns).

Katsumi the Changer (Felid Transmuter)              Turns: 3174, Time: 00:03:53

Health: -1/15      AC:  1    Str:  6    XL:     3   Next: 8%
Magic:  7/7        EV: 18    Int: 15    God:
Gold:   76         SH:  0    Dex: 16    Spells: 3/6 levels left
                                        Lives:  0   Deaths: 1

rFire    . . .     SeeInvis +     - Unarmed
rCold    . . .     Gourm    .   (shield unavailable)
rNeg     . . .     Faith    .   (armour unavailable)
rPois    .         Spirit   .   (helmet unavailable)
rElec    .         Reflect  .   (cloak unavailable)
rCorr    .         Harm     .   (gloves unavailable)
MR       .....                  (boots unavailable)
Stlth    ++........             (no amulet)
HPRegen  0.05/turn              (no ring)
MPRegen  0.10/turn              (no ring)

@: quick
A: very small, no armour, no weapons or thrown items, stealth, claws 1, fangs 3,
see invisible, carnivore, speed 1, shaggy fur 1, slow metabolism 1, sharp paws
a: no special abilities


You were on level 3 of the Dungeon.
You were not hungry.

You visited 1 branch of the dungeon, and saw 3 of its levels.

You collected 76 gold pieces.

Inventory:

Missiles
 a - 42 arrows
Scrolls
 b - 2 scrolls of teleportation
 d - a scroll of enchant weapon
 e - a scroll of blinking {unknown}
 f - 3 scrolls of identify
 g - a scroll of random uselessness {unknown}
 i - a scroll of remove curse {unknown}
 j - a scroll of enchant armour {unknown}
 k - a scroll of immolation {unknown}
Comestibles
 c - 6 rations


   Skills:
 - Level 1.0 Fighting
 - Level 2.6 Dodging
 - Level 3.0 Unarmed Combat
 - Level 2.0 Spellcasting
 + Level 4.9 Transmutations


You had 3 spell levels left.
You knew the following spells:

 Your Spells              Type           Power        Failure   Level  Hunger
a - Beastly Appendage     Tmut           ###...       3%          1    #......
b - Sticks to Snakes      Tmut           ###.....     4%          2    ###....

Your spell library contained the following spells:

 Spells                   Type           Power        Failure   Level  Hunger
 Spider Form              Tmut/Pois      #.........   24%         3    ###....
 Ice Form                 Ice/Tmut       #.......     63%         4    #####..
 Blade Hands              Tmut           ###.......   63%         5    ######.


Dungeon Overview and Level Annotations

Branches:
Dungeon (3/15)

Altars:
Cheibriados
Dithmenos
Kikubaaqudgha
Nemelex Xobeh
The Shining One

Annotations:
D:3 Jessica, Sigmund


Innate Abilities, Weirdness & Mutations

You cannot wear armour.
You are incapable of wielding weapons or throwing items.
Your paws allow you to move quietly. (Stealth)
You have sharp claws.
You have razor-sharp teeth.
You have supernaturally acute eyesight. (SInv)
You are carnivorous and can eat meat at any time.
You cover ground quickly.
You are covered in fur. (AC +1)
You have a slow metabolism.
Your sharp claws are effective at attacking unaware monsters.


Message History

Jessica gestures wildly while chanting.
Jessica blinks!
The kobold throws a stone.
The stone hits you. The hound closely misses you.
The hound completely misses you. The hound bites you. The hound bites you.
* * * LOW HITPOINT WARNING * * *
The hound bites you but does no damage. The hound bites you.
* * * LOW HITPOINT WARNING * * *
The hound misses you. The hound closely misses you. The hound misses you.
The hound closely misses you.
Jessica gestures wildly while chanting.
Jessica blinks!
The hound barely misses you. The hound completely misses you.
Jessica is no longer moving quickly.
The hound bites you but does no damage. The hound barely misses you.
The hound bites you.
* * * LOW HITPOINT WARNING * * *
The hound closely misses you. The hound bites you.
You die...

#.......#
#.......#### ....
######....).)....
....
#............####
...##
#####.####.......####
....# #.....#
#..........# #...#
#.##### #.......##.#
#...# #..(.#
#######..... #.W.#
####@# #..... #..>#
#h# ##.#.. #...# .K.
#.##. #...########
..@#. #.##.
...........#......#.
#....
...........).....# #.
####.
...........#...... .(
#. #....#######.....#
.. #. #....## ###.


You could see a hound, Jessica and a kobold.

Vanquished Creatures
  An adder (D:2)
  A leopard gecko (D:1)
  4 orcs (D:3)
  9 bats
  3 giant cockroaches (D:1)
  5 goblins
  6 hobgoblins
  2 jackals (D:2)
  A quokka (D:2)
  A ball python (D:1)
  A frilled lizard (D:1)
  3 kobolds
  2 rats (D:2)
  A fungus (D:2)
40 creatures vanquished.

Vanquished Creatures (collateral kills)
  Crazy Yiuf (D:2)
  A jackal (D:3)
2 creatures vanquished.

Grand Total: 42 creatures vanquished

Notes
Turn   | Place    | Note
-------+----------+-------------------------------------------
     0 | D:1      | Katsumi the Felid Transmuter began the quest for the Orb.
     0 | D:1      | Reached XP level 1. HP: 9/9 MP: 4/4
   319 | D:1      | Reached skill level 3 in Transmutations
   319 | D:1      | Reached XP level 2. HP: 7/12 MP: 4/6
   323 | D:1      | Learned a level 2 spell: Sticks to Snakes
  1367 | D:2      | Reached skill level 4 in Transmutations
  1367 | D:2      | Reached XP level 3. HP: 15/15 MP: 5/7
  1667 | D:2      | Found a snail-covered altar of Cheibriados.
  1670 | D:2      | Found a glowing golden altar of the Shining One.
  1673 | D:2      | Found an ancient bone altar of Kikubaaqudgha.
  1676 | D:2      | Found a sparkling altar of Nemelex Xobeh.
  1755 | D:2      | Found a shadowy altar of Dithmenos.
  2130 | D:2      | Found a runed translucent door.
  2131 | D:2      | Noticed Crazy Yiuf
  2206 | D:2      | Killed Crazy Yiuf
  2327 | D:3      | Noticed a phantom
  2741 | D:3      | Noticed Sigmund
  3105 | D:3      | Reached XP level 4. HP: 14/19 MP: 6/8
  3127 | D:3      | Slain by an orc
  3128 | D:3      | Reached XP level 3. HP: -3/15 MP: 7/7
  3145 | D:3      | Noticed Jessica
  3174 | D:3      | Slain by a hound

Levels and vault maps discovered:
D:1:      lordsloth_arrival_two_stooges, layout_rooms, serial_rivers,
          chequers_serial_rivers_large_b, chequers_serial_rivers_micro_a,
          chequers_serial_rivers_marsh, chequers_serial_rivers_micro_e,
          serial_bayou_ford_a
D:2:      layout_loops_ring, grunt_temple_overflow_cloverleaf, first_ration,
          grunt_ministairs_7, serial_park_tiny_1,
          grunt_dithmenos_smoke_and_mirrors, uniq_crazy_yiuf_cottage
D:3:      layout_loops_cross, uniq_sigmund, uniq_jessica

Skill      XL: |  1  2 |
---------------+-------+-----
Transmutations | 3 4 |  4.9
Fighting       | |  1.0
Dodging        | |  2.6
Unarmed Combat | |  3.0
Spellcasting   | |  2.0

Action                   |  1- 3 |  4- 6 || total
-------------------------+-------+-------++-------
Melee: Unarmed           |   141 |    22 ||   163
       Headbutt          |    15 |     4 ||    19
       Bite              |    10 |       ||    10
       Punch             |     1 |       ||     1
 Cast: Beastly Appendage |    38 |       ||    38
       Sticks to Snakes  |     7 |       ||     7
  Use: Scroll            |     2 |       ||     2
       Potion            |     1 |       ||     1
 Stab: Sleeping          |     4 |       ||     4
  Eat: Chunk             |    14 |       ||    14
Armor: Skin              |    11 |       ||    11
Dodge: Dodged            |   142 |     8 ||   150
